 Dungeon Crawl Stone Soup version bcrawl-1.19.2-6-g6a88ae04c9 (webtiles) character file.

Game seed: 6328902504203630883

7 Jerej03 the Stinger (level 2, -4/20 HPs)
             Began as an Oni Wizard on Jan 11, 2020.
             Slain by a goblin
             ... wielding a +0 club
              (5 damage)
             ... on level 1 of the Dungeon.
             The game lasted 00:02:36 (115 turns).

Jerej03 the Stinger (Oni Wizard)                     Turns: 115, Time: 00:02:37

Health: -4/20      AC:  2    Str: 10    XL:     2   Next: 4%
Magic:  1/7        EV: 12    Int: 19    God:
Gold:   12         SH:  0    Dex:  9    Spells: 4/5 levels left

rFire    . . .     SeeInvis .   d - +0 mace (curse)
rCold    . . .     Gourm    .   (no shield)
rNeg     . . .     Faith    .   b - +0 animal skin
rPois    .         Spirit   .   c - +0 hat
rElec    .         Reflect  .   (no cloak)
rCorr    .         Harm     .   (no gloves)
MR       .....                  (no boots)
Stlth    ++........             (no amulet)
HPRegen  0.06/turn              (no ring)
MPRegen  0.10/turn              (no ring)

@: no status effects
A: oni magic, claws 1, fangs 1, horns 1
a: no special abilities


You were on level 1 of the Dungeon.
You were not hungry.

You visited 1 branch of the dungeon, and saw 1 of its levels.

You collected 12 gold pieces.

Inventory:

Hand Weapons
 a - a +0 staff
 d - a cursed +0 mace (weapon)
Armour
 b - a +0 animal skin (worn)
 c - a +0 hat (worn)
 e - a +0 scale mail
Comestibles
 f - a ration {!d}


   Skills:
 + Level 1.8 Dodging
 + Level 1.8 Stealth
 + Level 2.4 Spellcasting
   Level 2.4 Conjurations
   Level 2.4 Hexes
   Level 2.4 Charms
   Level 2.4 Summonings
   Level 2.4 Necromancy
   Level 2.4 Translocations
   Level 2.4 Transmutations
   Level 2.4 Fire Magic
   Level 2.4 Ice Magic
   Level 2.4 Air Magic
   Level 2.4 Earth Magic
   Level 2.4 Poison Magic


You had 4 spell levels left.
You knew the following spells:

 Your Spells              Type           Power        Failure   Level  Hunger
a - Magic Dart            Conj           ##..         4%          1    #......

Your spell library contained the following spells:

 Spells                   Type           Power        Failure   Level  Hunger
 Flame Tongue             Conj/Fire      ##...        6%          1    #......
 Blink                    Tloc           N/A          8%          2    ##.....
 Call Imp                 Summ           ##....       8%          2    ##.....
 Conjure Flame            Conj/Fire      ##......     17%         3    ###....
 Spider Form              Tmut/Pois      ##.          17%         3    ###....
 Mephitic Cloud           Conj/Pois/Air  ##......     19%         3    ###....


Dungeon Overview and Level Annotations

Branches:
Dungeon (1/12)

Altars:


Innate Abilities, Weirdness & Mutations

You learn spells by gaining experience, not through books or religion.
You only train spellcasting to practice magic.
You have sharp fingernails.
You have very sharp teeth.
You have a pair of small horns on your head.


Message History

Casting: Magic Dart (safe; 4% risk of failure)
Confirm with . or Enter, or press ? or * to list all spells.
You don't know that spell.
Casting: Magic Dart (safe; 4% risk of failure)
Confirm with . or Enter, or press ? or * to list all spells.
Okay, then.
Memorise Blink, consuming 2 spell levels and leaving 2?
The goblin hits you with a +0 club.
Your memorisation is interrupted.
* * * LOW HITPOINT WARNING * * *
Unknown command.
Casting: Magic Dart (safe; 4% risk of failure)
Confirm with . or Enter, or press ? or * to list all spells.
You don't know that spell.
Casting: Magic Dart (safe; 4% risk of failure)
Confirm with . or Enter, or press ? or * to list all spells.
Okay, then.
Unknown command.
Memorise Blink, consuming 2 spell levels and leaving 2?
The goblin hits you with a +0 club.
Your memorisation is interrupted.
You die...

.##########..#
.##..........###
###.....>....g.###
............##...#
............####.#
..#.........# #.#
..#.........# #†#
..#.........# #g#
...#######..## #@#
......#####..........#
.....................#
..........##..>......#
..........##.........#
..........############
..........#
##........#
####...#########


You could see a goblin.

Vanquished Creatures
  A leopard gecko (D:1)
  A bat (D:1)
  A goblin (D:1)
  A jackal (D:1)
  A ball python (D:1)
  A rat (D:1)
6 creatures vanquished.

Notes
Turn   | Place    | Note
-------+----------+-------------------------------------------
     0 | D:1      | Jerej03 the Oni Wizard began the quest for the Orb.
     0 | D:1      | Reached XP level 1. HP: 14/14 MP: 5/5
   112 | D:1      | Reached XP level 2. HP: 3/20 MP: 1/7
   114 | D:1      | HP: 1/20 [goblin/+0 club (2)]
   115 | D:1      | Slain by a goblin

Action                   || total
-------------------------++-------
Melee: Mace              ||     3
 Cast: Magic Dart        ||    11
  Use: Potion            ||     1
Armor: Animal skin       ||     1
Dodge: Dodged            ||    10
